Map: Newkirk Precinct TE (Void)

Players

PiG

  • Race: Zerg Zerg
  • League: Grandmaster
  • Spawn Location: 7:00

A.I. 1 (Very Easy) - Winner!

  • Race: Terran Terran
  • Spawn Location: 5:00

VOD

https://www.youtube.com/watch?v=8zkT_oGBlVs

Description

A great build to take the the momentum away from Terrans that open with helions

Time

  • Played on: Feb. 8, 2017, 3:03 p.m.
  • Length: 5:48
Show
View Real Time Build Order
Export as new Build Order

PiG Zerg 

Build Orders: Pool First 

Get SALT Encoding   

  12  0:02  Drone  
  13  0:14  Overlord  
  13  0:19  Drone  
  14  0:34  Drone x2  
  16  0:36  Drone  
  17  0:48  Drone, Extractor  
  17  0:51  Spawning Pool  
  16  0:59  Drone  
  17  1:16  Hatchery  
  16  1:20  Drone  
  17  1:27  Drone  
  18  1:38  Queen  
  18  1:39  Zergling x2  
  21  1:47  Overlord  
  21  1:53  Metabolic Boost  
  21  1:58  Drone  
  22  2:13  Queen  
  25  2:15  Drone x2  
  26  2:27  Drone  
  26  2:28  Queen  
  29  2:38  Overlord  
  29  2:40  Drone x2  
  31  2:46  Drone x2  
  31  2:50  Drone  
  34  2:56  Drone  
  35  2:59  Drone  
  36  3:10  Hatchery  
  35  3:14  Drone x2  
  35  3:17  Drone  
  39  3:20  Drone  
  39  3:25  Drone x2  
  41  3:29  Drone  
  41  3:30  Drone  
  41  3:33  Drone  
  41  3:34  Overlord  
  44  3:39  Roach Warren  
  43  3:46  Drone, Extractor  
  43  3:48  Drone  
  44  3:51  Extractor  
  44  3:52  Overlord  
  43  3:58  Zergling x2  
  43  3:59  Zergling x4  
  43  4:00  Zergling x2  
  47  4:04  Drone x2  
  47  4:07  Drone x2  
  51  4:10  Drone  
  51  4:11  Overlord  
  52  4:23  Roach x3  
  58  4:28  Roach x3  
  58  4:30  Roach  
  66  4:37  Drone x4  
  66  4:38  Evolution Chamber  
  69  4:39  Evolution Chamber  
  67  4:54  Overlord x3  
  67  4:56  Ravager x4  
  71  5:01  Drone x3  
  74  5:19  Drone x3  
  74  5:20  Overlord  
  81  5:36  Drone x3  
  81  5:41  Baneling Nest  
Show
View Real Time Build Order
Export as new Build Order

A.I. 1 (Very Easy) Terran - Winner!

Build Orders:  

Get SALT Encoding   

  12  0:00  SCV  
  13  0:13  SCV  
  14  0:20  Supply Depot  
  14  0:36  Refinery  
  14  0:46  Barracks  
  14  1:05  Supply Depot  
  14  1:12  Refinery  
  14  1:34  Marine, Orbital Command  
  15  1:52  Barracks Tech Lab  
  15  1:59  SCV  
  16  2:11  SCV  
  17  2:18  Marine  
  18  2:24  SCV  
  19  2:36  SCV  
  20  2:48  SCV  
  21  3:00  SCV  
  21  3:03  Marauder  
  24  4:26  SCV  
  24  5:35  SCV  
Tags
 
Add a new tag
Caveats
  • Supply blocks, unpowered buildings, or Contaminate may cause inaccurate times.
  • Supply counts are checked every 10 seconds.